 Dungeon Crawl Stone Soup version 0.30-a0-341-g682706514a (webtiles) character file.

Game seed: 7363502458121364150

73 koil the Ruffian (level 4, -2/36 HPs)
             Began as a Draconian Transmuter on Nov 5, 2022.
             Slain by Natasha (4 damage)
             ... on level 2 of the Dungeon.
             The game lasted 00:03:22 (1907 turns).

koil the Ruffian (Draconian Transmuter)             Turns: 1907, Time: 00:03:23

Health: -2/36      AC:  5    Str: 14    XL:     4   Next: 8%
Magic:  7/7        EV: 12    Int: 14    God:
Gold:   67         SH:  0    Dex: 11    Spells: 1/7 levels left

rFire   . . .      SeeInvis .      - Unarmed
rCold   . . .      Faith    .    (no shield)
rNeg    . . .      Spirit   .    (body armour unavailable)
rPois   .          Reflect  .    (helmet currently unavailable)
rElec   .          Harm     .    (no cloak)
rCorr   .          Rampage  .    (no gloves)
Will    .....                    (boots currently unavailable)
Stlth   +.........               (no amulet)
HPRegen 0.26/turn                (no ring)
MPRegen 0.10/turn                (no ring)

@: appendages, wereblooded
A: horns 2, talons 2, AC +5, unfitting armour, cold-blooded
a: End Transformation


You were on level 2 of the Dungeon.
You had temporarily grown beastly horns and talons.
You visited 1 branch of the dungeon, and saw 2 of its levels.

You collected 67 gold pieces.

Inventory:

Missiles
 k - a throwing net
Scrolls
 b - 6 scrolls of identify {unknown}
 c - 3 scrolls of teleportation {unknown}
 e - a scroll of fear {unknown}
 f - a scroll of poison {unknown}
 h - a scroll of butterflies {unknown}
 j - a scroll of immolation {unknown}
Potions
 a - 2 potions of lignification
 d - a potion of magic
 g - a potion of cancellation {unknown}
 i - a potion of curing {unknown}


   Skills:
 + Level 2.0 Fighting
 + Level 2.3 Dodging
 + Level 3.5 Unarmed Combat
 + Level 2.4 Spellcasting
 + Level 2.5 Transmutations
 + Level 0.4 Poison Magic


You had one spell level left.
You knew the following spells:

 Your Spells              Type           Power      Damage    Failure   Level
a - Beastly Appendage     Tmut           16%        N/A       9%          1
b - Wereblood             Tmut           8%         N/A       12%         2
c - Spider Form           Tmut/Pois      5%         N/A       36%         3

Your spell library contained the following spells:

 Spells                   Type           Power      Damage    Failure   Level
 Necrotise                Necr           4%         1d4       22%         1
 Ignite Poison            Fire/Tmut/Pois 4%         N/A       41%         3
 Vampiric Draining        Necr           1%         2d6       56%         3
 Ice Form                 Ice/Tmut       5%         N/A       80%         4
 Sticky Flame             Conj/Fire      1%         2d3       92%         4
 Agony                    Necr           1%         N/A       99%         5
 Ignition                 Fire           0%         3d3       100%        8


Dungeon Overview and Level Annotations

Branches:
Dungeon (2/15)

Altars:

Annotations:
D:2 Natasha


Innate Abilities, Weirdness & Mutations

You have temporarily grown beastly horns and talons.
Your plain brown scales are hard. (AC +5)
You cannot fit into any form of body armour.
You are cold-blooded and may be slowed by cold attacks.


Message History

Natasha claws you.
You hit Natasha. Your punch misses Natasha.
Natasha is heavily wounded.
Natasha claws you.
You are too injured to fight recklessly!
You are too injured to fight recklessly!
You are too injured to fight recklessly!
Casting: Wereblood (safe; 12% risk of failure)
Confirm with . or Enter, or press ? or * to list all spells.
You grow a pair of large bovine horns.
Your feet morph into talons.
Natasha stares at you and mumbles some strange words.
The magic dart hits you!
* * * LOW HITPOINT WARNING * * *
Casting: Beastly Appendage (safe; 9% risk of failure)
Confirm with . or Enter, or press ? or * to list all spells.
Your blood is infused with primal strength.
Natasha claws you but does no damage.
You are too injured to fight recklessly!
You are too injured to fight recklessly!
You are too injured to fight recklessly!
You are too injured to fight recklessly!
You hit Natasha but do no damage. You claw Natasha, but do no damage.
Your headbutt misses Natasha.
Natasha is heavily wounded.
Natasha mumbles some strange words.
Natasha's front paws start to glow.
Natasha claws you.
* * * LOW HITPOINT WARNING * * *
You barely miss Natasha.
Natasha is heavily wounded.
Natasha barely misses you.
You hit Natasha but do no damage.
Natasha is heavily wounded.
Natasha barely misses you.
You closely miss Natasha. You claw Natasha.
Natasha is severely wounded.
Natasha claws you.
* * * LOW HITPOINT WARNING * * *
It was a potion of magic.
Magic courses through your body. Natasha claws you.
You die...

.........# #.#.....##.#
###.####.# #.#.###.##.#
#.# #.# #.#.###.##.# #.#
#.# #.#...#.##.# #.# #.#
#.#.#.#.##.# #.# #.#
#.#.#.#.##.# ###.####.#
#.#.#.#.##.#
#........######.#.#.#.##.#
#...............@h..>.##.#
#........######.#.#...##.#
.<.....[.######.#.#...##.#
...........#<.#.#......#.#
#.......##.#.##.####...#.#
#.......##+#.##........#.#
#.......#....#######.#.#.#
#########....# #.#.#.#
........#....# #.#.#.#


You could see Natasha.

Vanquished Creatures
  Natasha (D:2)
  2 dart slugs
  2 endoplasms (D:1)
  5 goblins
  9 hobgoblins
  2 jackals (D:1)
  3 kobolds (D:1)
  A quokka (D:2)
  5 ball pythons
  5 bats (D:1)
  2 frilled lizards
  5 rats
42 creatures vanquished.

Notes
Turn   | Place    | Note
-------+----------+-------------------------------------------
     0 | D:1      | koil the Draconian Transmuter began the quest for the Orb.
     0 | D:1      | Reached XP level 1. HP: 16/16 MP: 3/3
   196 | D:1      | Reached XP level 2. HP: 22/23 MP: 5/5
   199 | D:1      | Learned a level 2 spell: Wereblood
   568 | D:1      | Reached XP level 3. HP: 25/29 MP: 6/6
  1201 | D:2      | Learned a level 3 spell: Spider Form
  1340 | D:2      | Noticed Natasha
  1347 | D:2      | Killed Natasha
  1519 | D:2      | Reached XP level 4. HP: 36/36 MP: 7/7
  1894 | D:2      | Noticed Natasha
  1907 | D:2      | Slain by Natasha

Illustrated notes

Levels and vault maps discovered:
D:1:      dpeg_arrival_round_a, layout_basic, hangedman_abyss_or_decor_stabs,
          minmay_misc_feat_pillars, minivault_23
D:2:      layout_basic, uniq_natasha

Skill      XL: |  1  2  3 |
---------------+----------+-----
Dodging        | 2 |  2.3
Fighting       | 2 |  2.0
Unarmed Combat | |  3.5
Spellcasting   | |  2.4
Transmutations | |  2.5
Poison Magic   | |  0.4

Action                   |  1- 3 |  4- 6 || total
-------------------------+-------+-------++-------
Melee: Unarmed           |   112 |    15 ||   127
       Tailslap          |     9 |       ||     9
       Kick              |     7 |     2 ||     9
       Headbutt          |     2 |       ||     2
       Punch             |     1 |       ||     1
 Cast: Beastly Appendage |     6 |     1 ||     7
       Wereblood         |     5 |     1 ||     6
  Use: Potion            |       |     1 ||     1
 Stab: Sleeping          |     1 |       ||     1
Armor: Skin              |    26 |     2 ||    28
Dodge: Dodged            |    59 |     7 ||    66

Table legend: (Time is in decaauts)
 A = Elapsed time spent in this place.
 B = Non-inter-level travel time spent in this place.
 C = Inter-level travel time spent in this place.
 D = Time resting spent in this place.
 E = Time spent auto-exploring this place.
 F = Levels seen in this place.
 G = Mean time per level.
                   A        B        C        D        E       F      G
               +--------+--------+--------+--------+--------+-----+--------+
         Total |   1899 |   1855 |     44 |      3 |   1560 |   2 |  949.5 |
       Dungeon |   1899 |   1855 |     44 |      3 |   1560 |   2 |  949.5 |
               +--------+--------+--------+--------+--------+-----+--------+

Top non-repeatable levels by time:
     D:1: 1095 daAuts
     D:2: 803 daAuts
